 Dungeon Crawl Stone Soup version 0.27-a0-760-gc38aae387d (webtiles) character file.

Game seed: 17666016393565760325

46 Hasart the Shield-Bearer (level 3, -1/31 HPs)
             Began as a Demigod Fighter on Mar 24, 2021.
             Slain by a kobold
             ... wielding a +0 dagger of electrocution
              (20 damage)
             ... on level 2 of the Dungeon.
             The game lasted 00:02:21 (1870 turns).

Hasart the Shield-Bearer (Demigod Fighter)          Turns: 1870, Time: 00:02:22

Health: -1/31      AC:  7    Str: 17    XL:     3   Next: 26%
Magic:  5/5        EV:  7    Int: 14    God:
Gold:   85         SH:  9    Dex: 13    Spells: 2/2 levels left

rFire    . . .     SeeInvis .   a - +0 long sword
rCold    . . .     Faith    .   c - +0 kite shield
rNeg     . . .     Spirit   .   b - +0 scale mail
rPois    +         Reflect  .   (no helmet)
rElec    .         Harm     .   (no cloak)
rCorr    .         Rampage  .   g - +0 pair of gloves
Will     .....                  (no boots)
Stlth    ..........             (no amulet)
HPRegen  0.10/turn              k - ring of poison resistance
MPRegen  0.09/turn              (no ring)

@: no status effects
A: high mp 1, forlorn
a: no special abilities


You were on level 2 of the Dungeon.
You visited 1 branch of the dungeon, and saw 2 of its levels.

You collected 85 gold pieces.

Inventory:

Hand Weapons
 a - a +0 long sword (weapon)
Armour
 b - a +0 scale mail (worn)
 c - a +0 kite shield (worn)
 g - a +0 pair of gloves (worn)
Jewellery
 k - a ring of poison resistance (right hand)
Scrolls
 f - a scroll of identify {unknown}
 h - a scroll of amnesia {unknown}
 i - a scroll of enchant armour {unknown}
 j - a scroll of immolation {unknown}
Potions
 d - a potion of might
 e - a potion of resistance {unknown}
 l - a potion of heal wounds {unknown}


   Skills:
 + Level 3.0 Fighting
 * Level 2.4 Long Blades
 + Level 2.9 Armour
 + Level 0.8 Dodging
 + Level 3.0 Shields


You had 2 spell levels left.
You didn't know any spells.
Your spell library was empty.

Dungeon Overview and Level Annotations

Branches:
Dungeon (2/15)


Innate Abilities, Weirdness & Mutations

Your attributes grow dramatically as you level up.
You have an increased reservoir of magic. (+10% MP)
You shall have no god before yourself.


Message History

The quokka bites you but does no damage.
You block the quokka's attack.
You completely miss the quokka.
The quokka is lightly wounded.
The quokka bites you but does no damage.
The quokka closely misses you.
You closely miss the quokka.
The quokka is lightly wounded.
The quokka bites you but does no damage.
You closely miss the quokka.
The quokka is lightly wounded.
You block the quokka's attack. x2
You barely miss the quokka.
The quokka is lightly wounded.
The quokka barely misses you. You block the quokka's attack.
You slash the quokka!
You kill the quokka!
You see here a quokka corpse.
Found 24 stones.
Found an iron altar of Okawaru.
l - a pink potion
There is an iron altar of Okawaru here.
You now have 85 gold pieces (gained 17).
Found a stone staircase leading down.
A kobold comes into view.
It is wielding a +0 dagger of electrocution.
The kobold shouts!
You hear a shout!
A kobold is nearby!
A kobold is nearby!
A kobold comes into view. It is wielding a +0 dagger.
The kobold shouts!
You block the kobold's attack.
You closely miss the kobold. You block the kobold's attack.
The kobold hits you but does no damage.
You are electrocuted!
You closely miss the kobold. The kobold hits you but does no damage.
The kobold hits you with a +0 dagger of electrocution.
You block the kobold's attack.
Your shield prevents you from hitting the kobold.
The kobold hits you with a +0 dagger of electrocution.
You are electrocuted!!
Ouch! That really hurt!
You die...

#.##.## #.#
####.#...###.##
#......_......#
...###...#.##..
## ##.##.# # #.
#....#
#.####.####
.####...K..###
#.....K@.....#
..........##.#
......#.### .#
#######># # #.#
#.# #.. ###


You could see 2 kobolds.

Vanquished Creatures
  A worm (D:2)
  A dart slug (D:2)
  5 endoplasms (D:1)
  3 giant cockroaches
  2 hobgoblins (D:1)
  4 jackals
  A quokka (D:2)
  3 ball pythons
  5 bats (D:1)
  A frilled lizard (D:1)
  4 goblins (D:1)
  4 kobolds (D:1)
  5 rats
39 creatures vanquished.

Notes
Turn   | Place    | Note
-------+----------+-------------------------------------------
     0 | D:1      | Hasart the Demigod Fighter began the quest for the Orb.
     0 | D:1      | Reached XP level 1. HP: 18/18 MP: 3/3
   478 | D:1      | Reached XP level 2. HP: 25/25 MP: 4/4
  1602 | D:2      | Reached XP level 3. HP: 30/30 MP: 5/5
  1870 | D:2      | Slain by a kobold

Illustrated notes

Levels and vault maps discovered:
D:1:      dpeg_arrival_chambers_temple_mockup, layout_basic,
          kennysheep_nondescript
D:2:      layout_loops_ring, marbit_many_paths, nicolae_overflow_crystal_walls,
          grunt_dithmenos_smoke, old_standard_altar

Skill      XL: |  1  2  3 |
---------------+----------+-----
Long Blades    | 2 |  2.4
Shields        | 3 |  3.0
Fighting       | 3 |  3.0
Armour         | |  2.9
Dodging        | |  0.8

Action                   || total
-------------------------++-------
Melee: Long sword        ||   121
Armor: Scale mail        ||    58
Dodge: Dodged            ||    43
Block: Kite shield       ||    66
       Rpst.: Long sword ||     9

Table legend: (Time is in decaauts)
 A = Elapsed time spent in this place.
 B = Non-inter-level travel time spent in this place.
 C = Inter-level travel time spent in this place.
 D = Time resting spent in this place.
 E = Time spent auto-exploring this place.
 F = Levels seen in this place.
 G = Mean time per level.
                   A        B        C        D        E       F      G
               +--------+--------+--------+--------+--------+-----+--------+
         Total |   1933 |   1888 |     45 |      0 |   1539 |   2 |  966.5 |
       Dungeon |   1933 |   1888 |     45 |      0 |   1539 |   2 |  966.5 |
               +--------+--------+--------+--------+--------+-----+--------+

Top non-repeatable levels by time:
     D:1: 1552 daAuts
     D:2: 380 daAuts
